 Dungeon Crawl Stone Soup version 0.24-a0-445-gd5110b030a (console) character file.

Game seed: 10190347168443628984

68085 Lexodia the Impaler (level 14, -27/104 HPs)
             Began as a Demonspawn Berserker on June 21, 2019.
             Was a High Priest of Trog.
             Annihilated by Mara (illusionary)
             ... wielding a +3 demon blade of venom
              (31 damage)
             ... on level 3 of the Swamp on June 22, 2019.
             The game lasted 01:02:14 (19175 turns).

Lexodia the Impaler (Demonspawn Berserker)         Turns: 19175, Time: 01:02:14

Health: -27/104    AC: 16    Str: 22    XL:     14   Next: 85%
Magic:  14/14      EV: 21    Int:  8    God:    Trog [*****.]
Gold:   1419       SH: 15    Dex: 19    Spells: 13/13 levels left

rFire    + + .     SeeInvis .   T - +6 trident (freeze)
rCold    . . .     Gourm    .   I - +0 buckler {AC+3}
rNeg     . . .     Faith    .   X - +1 ring mail {rF+}
rPois    +         Spirit   .   O - +2 helmet
rElec    .         Reflect  +   D - +0 cloak
rCorr    .         Harm     .   h - +0 pair of gloves
MR       +++..                  (boots unavailable)
Stlth    ++........             U - +3 amulet of reflection
HPRegen  1.67/turn              u - ring of protection from fire
MPRegen  0.14/turn              b - ring of poison resistance

@: agile, lethally poisoned (-27 -> -29), berserk cooldown, regenerating,
slowed, very slow
A: hooves 3, large bone plates 2, demonic guardian 1, sense surroundings 1,
regeneration 1, spiny 2
a: Berserk, Trog's Hand, Brothers in Arms, Renounce Religion


You were on level 3 of the Swamp.
You worshipped Trog.
Trog was extremely pleased with you.
You were very hungry.

You visited 3 branches of the dungeon, and saw 20 of its levels.
You also visited: Ossuary and Gauntlet.

You collected 1638 gold pieces.
You spent 219 gold pieces at shops.

Inventory:

Hand Weapons
 T - a +6 trident of freezing (weapon)
 W - the +10 broad axe of Purpose {antimagic, rF+ Int+4 SInv}
   (You took it off a minotaur in a Gauntlet)

   It reduces the magical energy of the wielder, and disrupts the spells and
   magical abilities of those hit.
   Natural abilities and divine invocations are not affected.
   It affects your intelligence (+4).
   It protects you from fire.
   It lets you see invisible.
Missiles
 J - 18 javelins (quivered)
 P - 7 silver javelins
Armour
 h - a +0 pair of gloves (worn)
 v - a +2 shield of protection
 D - a +0 cloak (worn)
 I - a +0 buckler of protection (worn)
 O - a +2 helmet (worn)
 X - a +1 ring mail of fire resistance (worn)
Jewellery
 a - an uncursed ring of ice
 b - a ring of poison resistance (right hand)
 g - an uncursed ring of resist corrosion
 u - a ring of protection from fire (left hand)
 U - a +3 amulet of reflection (around neck)
Wands
 o - a wand of flame (32)
 t - a wand of digging (6)
 E - a wand of iceblast (2)
 H - a wand of acid (7)
 K - a wand of paralysis (9)
 L - a wand of enslavement (10)
 Q - a wand of polymorph (8)
Scrolls
 j - 7 scrolls of remove curse
 k - 4 scrolls of teleportation
 m - 3 scrolls of magic mapping
 q - 4 scrolls of amnesia
 s - 2 scrolls of identify
 y - a scroll of immolation
 B - 3 scrolls of enchant weapon
 F - 2 scrolls of fog
 G - 6 scrolls of enchant armour
 M - a scroll of summoning
 R - 2 scrolls of vulnerability
 V - 3 scrolls of blinking
 Y - a scroll of fear
 Z - a scroll of random uselessness
Potions
 d - 2 potions of resistance
 e - 2 potions of magic
 f - 2 potions of lignification
 l - 5 potions of curing
 p - 2 potions of berserk rage
 w - 5 potions of brilliance
 x - 3 potions of cancellation
 z - 2 potions of flight
 A - a potion of heal wounds
 C - a potion of haste
 N - 4 potions of might
 S - a potion of mutation
Comestibles
 c - 33 rations


   Skills:
 * Level 7.9 Fighting
 + Level 19.2 Polearms
 * Level 6.9 Armour
 * Level 6.9 Dodging
 * Level 6.7 Shields


You had 13 spell levels left.
You didn't know any spells.
Your spell library was empty.

Dungeon Overview and Level Annotations

Branches:
Dungeon (12/15)            Temple (0/1) D:5            Lair (6/6) D:11
  Swamp (3/4) Lair:4        Snake (0/4) Lair:4        Slime (0/5) Lair:5
    Orc (0/2) D:12

Altars:
Ashenzari
Cheibriados
Dithmenos
Elyvilon
Fedhas
Gozag
Kikubaaqudgha
Nemelex Xobeh
Okawaru
Ru
Trog
Uskayaw
Wu Jian
Yredelemnul
The Shining One
Jiyva

Shops:
D:8 [   D:10 =

Annotations:
Swamp:3 Mara


Innate Abilities, Weirdness & Mutations

You have hooves in place of feet.
You are mostly covered in large bone plates. (SH +6)
A weak demonic guardian rushes to your aid.
You are mostly covered in sharp spines.
You passively map a small area around you.
Your natural rate of healing is unusually fast.


Message History

You feel very sick. Mara gestures at you. The bolt of fire hits you!
You resist.
* * * LOW HITPOINT WARNING * * *
Your ogre barely misses Mara.
Your white imp barely misses Mara.
Mara hits you but does no damage.
Mara splashes around in the water.
Huge Dmg: -12%(-12hp) hp: 30%(31hp)
You feel agile all of a sudden.
You feel very sick.
Your ogre hits Mara with a +0 giant club!
Your white imp hits Mara.
Your white imp freezes Mara.
Mara closely misses your white imp.
Mara hits you with a +3 demon blade of venom!!
* * * LOW HITPOINT WARNING * * *
Your ogre barely misses Mara.
Mara blinks!
Your white imp misses Mara.
Mara hits your white imp with a +3 demon blade of venom!!
Your white imp dies!
Mara is struck by your spines.
Mara hits you with a +3 demon blade of venom!!
You die...

♣♣..≈≈.≈≈ ≈ *
..,.≈≈≈≈.♣≈≈≈≈.,≈≈ ≈≈≈
≈.... .≈≈.. ...≈≈≈♣.≈<.
*≈.≈♣♣*
...≈≈≈♣.≈.♣♣*♣.R≈♣♣♣
...≈.≈≈.≈≈.♣♣♣.....♣♣ ≈
≈.≈≈≈....≈♣.♣♣...≈≈≈♣♣
≈.≈≈≈§≈≈≈≈≈≈.♣≈R§.O..♣
≈>....≈≈≈5♣≈≈..≈@.R≈♣.♣.
..♣≈§≈♣≈≈≈♣♣.♣♣≈§≈.@..≈≈
♣.♣≈.....≈♣♣♣♣...≈......
≈.♣≈♣.≈≈≈§≈♣
♣☼.....≈≈≈.≈ *
≈.≈≈≈.≈.≈.♣♣ ♣..§§..≈...
≈≈≈≈.≈..♣.♣ ♣♣♣..≈.≈≈..
* .≈≈≈.≈≈..♣♣ ♣♣♣..≈..≈
≈≈.≈≈≈≈♣..♣ ..≈..≈
≈♣.≈♣≈≈♣♣.♣ ,♣♣≈≈≈. ,


You could see 3 Maras, Lexodia's illusion and a friendly ogre (berserk).

Vanquished Creatures
  A thorn hunter (Swamp:3)
  The ghost of xoxolimbo the Destroyer, a journeyman DsFE of Vehumet (Lair:5)
  A minotaur (Gauntlet)
  4 dire elephants
  The ghost of hemabe the Covert, a journeyman HuAr of Trog (D:9)
  Fannar (Lair:1)
  Erolcha (D:9)
  5 hydras
  2 catoblepae
  An anaconda (Lair:6)
  2 two-headed ogres
  10 alligators
  Urug (Lair:5)
  Nergalle (Lair:1)
  An unseen horror (D:12)
  2 swamp dragons
  A lindwurm (Lair:4)
  2 oklob plants
  An ugly thing (D:12)
  2 manticores (D:11)
  9 elephants
  2 black mambas
  A torpor snail (Gauntlet)
  16 spiny frogs
  A gargoyle (Gauntlet)
  3 rime drakes
  9 komodo dragons
  A freezing wraith (D:9)
  2 trolls
  2 polar bears
  4 tyrant leeches (Swamp:1)
  A hornet (Swamp:3)
  Grinder (D:3)
  A slime creature (D:10)
  13 bog bodies
  A dream sheep (Lair:4)
  5 hippogriffs
  16 blink frogs
  5 shadows (Swamp:1)
  A spriggan (Swamp:3)
  4 wyverns
  A human (D:9)
  3 wraiths (D:9)
  2 basilisks (Lair:1)
  2 hogs (D:9)
  19 yaks
  A steam dragon (D:11)
  12 vampire mosquitoes
  Menkaure (D:4)
  14 swamp worms
  13 insubstantial wisps
  An acid dragon (Gauntlet)
  4 porcupines
  3 sky beasts
  3 swamp drakes
  8 water moccasins
  3 ice beasts
  5 orc warriors
  2 necrophages (Swamp:1)
  An ogre (D:7)
  9 wolves
  A centaur (D:7)
  13 crocodiles
  3 big kobolds
  An elf zombie (Ossuary)
  13 bullfrogs
  3 scorpions
  A water moccasin skeleton (D:10)
  9 wights
  11 electric eels
  2 vampire bats (D:3)
  4 crimson imps
  3 centaur zombies
  A human zombie (Ossuary)
  4 bullfrog zombies
  4 jellies
  3 orc priests
  A centaur skeleton (D:7)
  7 hounds
  5 orc wizards
  10 iguanas
  6 worker ants
  A hound zombie (D:5)
  3 mummies
  2 worker ant zombies
  3 gnolls (D:8)
  7 adders
  2 shadow imps
  16 oozes
  An adder zombie (D:5)
  2 worms
  A dart slug (D:1)
  5 leopard geckos
  32 orcs
  A bat skeleton (D:3)
  4 bat zombies (D:3)
  3 giant cockroaches (D:5)
  2 gnoll zombies (Ossuary)
  3 goblins
  8 hobgoblins
  16 jackals
  3 quokkas
  A ball python (D:5)
  4 bats
  2 frilled lizards
  5 goblin zombies (Ossuary)
  4 hobgoblin zombies (Ossuary)
  A jackal zombie (D:7)
  19 kobolds
  A kobold zombie (D:7)
  2 orc zombies
  A quokka skeleton (D:5)
  A quokka zombie (D:8)
  7 rats
  A fungus (Lair:6)
  7 plants
522 creatures vanquished.

Vanquished Creatures (collateral kills)
  An alligator (Swamp:3)
  A swamp dragon (Swamp:1)
  2 elephants (Lair:6)
  A molten gargoyle (Gauntlet)
  A gargoyle (Gauntlet)
  A spiny frog (Lair:1)
  A wraith (D:9)
  2 yaks (Lair:5)
  A vampire mosquito (Swamp:1)
  A swamp worm (Swamp:1)
  An orc warrior (D:9)
  A porcupine (Lair:3)
  A swamp drake (Swamp:1)
  A bullfrog (Lair:3)
  An iguana (Lair:1)
  An ooze (D:10)
18 creatures vanquished.

Vanquished Creatures (others)
  5 fungi
  A plant (Lair:6)
  18 toadstools
  15 withered plants (Swamp:1)
39 creatures vanquished.

Grand Total: 579 creatures vanquished

Notes
Turn   | Place    | Note
-------+----------+-------------------------------------------
     0 | D:1      | Lexodia the Demonspawn Berserker began the quest for the
                  | Orb.
     0 | D:1      | Reached XP level 1. HP: 18/18 MP: 1/1
   209 | D:1      | Reached skill level 3 in Polearms
   232 | D:1      | Huge Dmg: 5 dmg
   239 | D:1      | Gained mutation: You are partially covered in sharp spines.
                  | [demonic ancestry]
   239 | D:1      | Reached XP level 2. HP: 17/24 MP: 2/2
   723 | D:2      | Huge Dmg: 10 dmg
   733 | D:2      | Huge Dmg: 6 dmg
   927 | D:3      | Huge Dmg: 5 dmg
   929 | D:3      | Reached XP level 3. HP: 16/29 MP: 3/3
   938 | D:3      | Huge Dmg: 3 dmg
   940 | D:3      | Reached skill level 4 in Polearms
   950 | D:3      | Huge Dmg: 6 dmg
  1002 | D:3      | Huge Dmg: 3 dmg
  1003 | D:3      | Huge Dmg: 2 dmg
  1012 | D:3      | Reached XP level 4. HP: 12/35 MP: 4/4
  1017 | D:3      | Huge Dmg: 4 dmg
  1208 | D:3      | Reached skill level 5 in Polearms
  1245 | D:3      | Huge Dmg: 15 dmg
  1634 | D:3      | Found an opulent altar of Gozag.
  1635 | D:3      | Found a sparkling altar of Nemelex Xobeh.
  1692 | D:3      | Reached ** piety under Trog
  1696 | D:3      | Found an ancient bone altar of Kikubaaqudgha.
  1697 | D:3      | Reached XP level 5. HP: 40/41 MP: 5/5
  1881 | D:3      | Huge Dmg: 17 dmg
  1955 | D:3      | Noticed Grinder
  1966 | D:3      | Killed Grinder
  1966 | D:3      | Reached skill level 6 in Polearms
  1966 | D:3      | Gained mutation: You are partially covered in large bone
                  | plates. (SH +4) [demonic ancestry]
  1966 | D:3      | Reached XP level 6. HP: 47/47 MP: 6/6
  1970 | D:3      | Huge Dmg: 23 dmg
  2208 | D:4      | Found an ornate altar of the Wu Jian Council.
  2270 | D:4      | Huge Dmg: 12 dmg
  2276 | D:4      | Huge Dmg: 8 dmg
  2278 | D:4      | Huge Dmg: 10 dmg
  2279 | D:4      | Huge Dmg: 7 dmg
  2282 | D:4      | Huge Dmg: 8 dmg
  2283 | D:4      | Reached skill level 7 in Polearms
  2288 | D:4      | Huge Dmg: 3 dmg
  2577 | D:4      | Huge Dmg: 10 dmg
  2578 | D:4      | Huge Dmg: 10 dmg
  2727 | D:4      | Found an iron altar of Okawaru.
  2727 | D:4      | Found a bloodstained altar of Trog.
  2765 | D:4      | Noticed Menkaure
  2771 | D:4      | Killed Menkaure
  2771 | D:4      | Reached XP level 7. HP: 52/52 MP: 7/7
  2776 | D:4      | Huge Dmg: 24 dmg
  3364 | D:5      | Entered Level 5 of the Dungeon
  3371 | D:5      | Reached skill level 8 in Polearms
  3377 | D:5      | Huge Dmg: 26 dmg
  3457 | D:5      | Found a basalt altar of Yredelemnul.
  3513 | D:5      | Found a white marble altar of Elyvilon.
  3563 | D:5      | Found a glowing golden altar of the Shining One.
  3645 | D:5      | Found a staircase to the Ecumenical Temple.
  3674 | D:5      | Huge Dmg: 16 dmg
  3683 | D:5      | Huge Dmg: 13 dmg
  3865 | D:5      | Found a sacrificial altar of Ru.
  3901 | D:5      | Reached *** piety under Trog
  4119 | D:5      | Huge Dmg: 20 dmg
  4132 | D:5      | Huge Dmg: 10 dmg
  4137 | D:5      | Huge Dmg: 7 dmg
  4447 | D:5      | You fall into a shaft and drop 2 floors!
  4478 | D:7      | Reached skill level 9 in Polearms
  4478 | D:7      | Gained mutation: A weak demonic guardian rushes to your
                  | aid. [demonic ancestry]
  4478 | D:7      | Reached XP level 8. HP: 53/58 MP: 8/8
  4539 | D:7      | Gained mutation: You have sharp toenails. [potion of
                  | mutation]
  4539 | D:7      | Gained mutation: You have a pair of small horns on your
                  | head. [potion of mutation]
  4539 | D:7      | Gained mutation: Your spells are a little harder to cast,
                  | but a little more powerful. [potion of mutation]
  4559 | D:7      | Huge Dmg: 8 dmg
  4572 | D:7      | Huge Dmg: 12 dmg
  4608 | D:7      | Reached skill level 10 in Polearms
  4613 | D:7      | Huge Dmg: 15 dmg
  4625 | D:7      | Found a sand-covered staircase.
  4628 | D:7      | Huge Dmg: 8 dmg
  4791 | Ossuary  | Entered an ossuary
  4809 | Ossuary  | Huge Dmg: 29 dmg
  4813 | Ossuary  | Huge Dmg: 14 dmg
  4828 | Ossuary  | Reached **** piety under Trog
  5075 | D:7      | Found a sacrificial altar of Ru.
  5414 | D:8      | Huge Dmg: 18 dmg
  5415 | D:8      | Reached skill level 11 in Polearms
  5415 | D:8      | Gained mutation: You are mostly covered in sharp spines.
                  | [demonic ancestry]
  5415 | D:8      | Reached XP level 9. HP: 63/63 MP: 9/9
  5421 | D:8      | Huge Dmg: 24 dmg
  5689 | D:8      | Found Rodo's Antique Armour Boutique.
  5744 | D:8      | Noticed a two-headed ogre
  5752 | D:8      | Killed a two-headed ogre
  5758 | D:8      | Huge Dmg: 28 dmg
  5764 | D:8      | Got a warped quarterstaff
  5767 | D:8      | Identified the +6 quarterstaff of the Dungeon {crush, +Rage
                  | rElec} (You found it on level 8 of the Dungeon)
  5778 | D:8      | Reached skill level 12 in Polearms
  5946 | D:8      | Found a snail-covered altar of Cheibriados.
  6115 | D:9      | Huge Dmg: 14 dmg
  6127 | D:9      | Huge Dmg: 10 dmg
  6128 | D:9      | Huge Dmg: 11 dmg
  6131 | D:9      | Found a hide-covered altar of Uskayaw.
  6186 | D:9      | Noticed Erolcha
  6189 | D:9      | Huge Dmg: 8 dmg
  6192 | D:9      | Huge Dmg: 12 dmg
  6194 | D:9      | Killed Erolcha
  6201 | D:9      | Huge Dmg: 11 dmg
  6252 | D:9      | Found a runed translucent gate.
  6255 | D:9      | Reached skill level 13 in Polearms
  6259 | D:9      | Found a runed translucent gate.
  6262 | D:9      | Found a runed translucent gate.
  6264 | D:9      | Huge Dmg: 30 dmg
  6322 | D:9      | Lost mutation: You have sharp toenails. [demonic ancestry]
  6322 | D:9      | Gained mutation: You have large cloven feet. [demonic
                  | ancestry]
  6322 | D:9      | Reached XP level 10. HP: 70/70 MP: 10/10
  6472 | D:9      | Found a shadowy altar of Dithmenos.
  6514 | D:9      | Huge Dmg: 24 dmg
  6536 | D:9      | Noticed hemabe's ghost (journeyman HuAr)
  6591 | D:9      | Noticed a two-headed ogre
  6596 | D:9      | Killed a two-headed ogre
  6605 | D:9      | Huge Dmg: 31 dmg
  6738 | D:9      | Reached skill level 14 in Polearms
  6743 | D:9      | Huge Dmg: 34 dmg
  6836 | D:9      | Huge Dmg: 48 dmg
  6840 | D:9      | Huge Dmg: 12 dmg
  6846 | D:9      | Killed hemabe's ghost
  6848 | D:9      | Huge Dmg: 11 dmg
  6852 | D:9      | Huge Dmg: 9 dmg
  6852 | D:9      | HP: 3/105 [wraith (8)]
  6853 | D:9      | Huge Dmg: 7 dmg
  6865 | D:9      | Huge Dmg: 9 dmg
  7077 | D:10     | Entered Level 10 of the Dungeon
  7091 | D:10     | Reached skill level 15 in Polearms
  7091 | D:10     | Gained mutation: You are mostly covered in large bone
                  | plates. (SH +6) [demonic ancestry]
  7091 | D:10     | Reached XP level 11. HP: 75/75 MP: 11/11
  7099 | D:10     | Huge Dmg: 33 dmg
  7178 | D:10     | Huge Dmg: 31 dmg
  7253 | D:10     | Huge Dmg: 34 dmg
  7315 | D:10     | Reached ***** piety under Trog
  7406 | D:10     | Found Qadotoipp's Jewellery Boutique.
  7415 | D:10     | Bought a +3 amulet of reflection for 219 gold pieces
  7811 | D:10     | Received a gift from Trog
  7822 | D:10     | Huge Dmg: 37 dmg
  8012 | D:11     | Noticed an oklob plant
  8188 | D:11     | Huge Dmg: 10 dmg
  8365 | D:11     | Found a staircase to the Lair.
  8377 | D:11     | Killed an oklob plant
  8389 | D:11     | Huge Dmg: 24 dmg
  8577 | D:11     | Huge Dmg: 14 dmg
  8581 | D:11     | Huge Dmg: 12 dmg
  8590 | D:11     | Huge Dmg: 16 dmg
  8656 | D:11     | Huge Dmg: 12 dmg
  8659 | D:11     | Huge Dmg: 13 dmg
  8660 | D:11     | Huge Dmg: 6 dmg
  8663 | D:11     | Huge Dmg: 10 dmg
  8668 | D:11     | Huge Dmg: 3 dmg
  9001 | D:11     | Lost mutation: You have a pair of small horns on your head.
                  | [potion of mutation]
  9001 | D:11     | Lost mutation: Your spells are a little harder to cast, but
                  | a little more powerful. [potion of mutation]
  9001 | D:11     | Gained mutation: Your magical capacity is low. (-10% MP)
                  | [potion of mutation]
  9001 | D:11     | Gained mutation: You passively map a small area around you.
                  | [potion of mutation]
  9048 | D:11     | Found a blossoming altar of Fedhas.
  9304 | D:12     | Found a staircase to the Orcish Mines.
  9314 | D:12     | Reached skill level 16 in Polearms
  9328 | D:12     | Huge Dmg: 29 dmg
  9371 | D:12     | Found a shattered altar of Ashenzari.
  9394 | D:12     | Killed an unseen horror
  9448 | D:12     | Noticed a purple ugly thing
  9457 | D:12     | Killed a purple ugly thing
  9555 | Lair:1   | Entered Level 1 of the Lair of Beasts
  9564 | Lair:1   | Noticed Fannar
  9573 | Lair:1   | Killed Fannar
  9579 | Lair:1   | Huge Dmg: 31 dmg
  9598 | Lair:1   | Huge Dmg: 10 dmg
  9620 | Lair:1   | Noticed Nergalle
  9630 | Lair:1   | Killed Nergalle
  9646 | Lair:1   | Huge Dmg: 10 dmg
  9901 | Lair:1   | Huge Dmg: 21 dmg
  9940 | Lair:1   | Huge Dmg: 14 dmg
 10112 | Lair:1   | Huge Dmg: 24 dmg
 10230 | Lair:1   | Huge Dmg: 18 dmg
 10234 | Lair:1   | Huge Dmg: 10 dmg
 10357 | Lair:1   | Huge Dmg: 24 dmg
 10357 | Lair:1   | Reached skill level 17 in Polearms
 10357 | Lair:1   | Reached XP level 12. HP: 23/81 MP: 10/10
 10683 | Lair:1   | Huge Dmg: 24 dmg
 11338 | Lair:2   | Huge Dmg: 17 dmg
 11359 | Lair:2   | Huge Dmg: 14 dmg
 11440 | Lair:2   | Huge Dmg: 13 dmg
 11451 | Lair:2   | Huge Dmg: 14 dmg
 11457 | Lair:2   | Huge Dmg: 2 dmg
 11736 | Lair:2   | Received a gift from Trog
 12320 | Lair:3   | Huge Dmg: 23 dmg
 12323 | Lair:3   | Reached skill level 18 in Polearms
 12353 | Lair:3   | Lost mutation: You passively map a small area around you.
                  | [potion of mutation]
 12353 | Lair:3   | Lost mutation: Your magical capacity is low. (-10% MP)
                  | [potion of mutation]
 12353 | Lair:3   | Gained mutation: Your spells are a little easier to cast,
                  | but a little less powerful. [potion of mutation]
 12353 | Lair:3   | Gained mutation: You have hoof-like feet. [potion of
                  | mutation]
 12713 | Lair:4   | Huge Dmg: 33 dmg
 12776 | Lair:4   | Noticed a catoblepas
 12781 | Lair:4   | Huge Dmg: 25 dmg
 12785 | Lair:4   | Killed a catoblepas
 12797 | Lair:4   | Huge Dmg: 27 dmg
 12802 | Lair:4   | Found a gate leading to a gauntlet.
 12918 | Gauntlet | Entered a Gauntlet
 12918 | Gauntlet | Found a transporter.
 12927 | Gauntlet | Found a transporter.
 12928 | Gauntlet | Found a transporter.
 12939 | Gauntlet | Found a runed translucent gate.
 12939 | Gauntlet | Found a runed translucent gate.
 12939 | Gauntlet | Found a runed translucent gate.
 12942 | Gauntlet | Found a transporter.
 12944 | Gauntlet | Found a transporter.
 12954 | Gauntlet | Found a transporter.
 12963 | Gauntlet | Noticed an entropy weaver
 12970 | Gauntlet | Found a transporter.
 12973 | Gauntlet | Noticed a catoblepas
 12990 | Gauntlet | Found a transporter.
 13000 | Gauntlet | Found a transporter.
 13014 | Gauntlet | Found a transporter.
 13021 | Gauntlet | Noticed a seven-headed hydra
 13023 | Gauntlet | Found a transporter.
 13026 | Gauntlet | Found a transporter.
 13054 | Gauntlet | Received a gift from Trog
 13062 | Gauntlet | Huge Dmg: 36 dmg
 13109 | Gauntlet | Found a transporter.
 13125 | Gauntlet | Got a steaming turquoise ring
 13126 | Gauntlet | Huge Dmg: 40 dmg
 13129 | Gauntlet | Identified the ring "Ynujosar" {+Fly rCorr Str-2 Int+5
                  | Stlth+} (You found it in a Gauntlet)
 13169 | Gauntlet | Killed a catoblepas
 13180 | Gauntlet | Huge Dmg: 52 dmg
 13183 | Gauntlet | Huge Dmg: 15 dmg
 13184 | Gauntlet | Huge Dmg: 19 dmg
 13189 | Gauntlet | Huge Dmg: 22 dmg
 13193 | Gauntlet | Huge Dmg: 8 dmg
 13494 | Gauntlet | Got a pair of ichor-stained boots
 13500 | Gauntlet | Identified the +1 pair of boots "Cilolih" {+Fly SInv} (You
                  | found it in a Gauntlet)
 13511 | Gauntlet | Found a transporter.
 13515 | Gauntlet | Identified the +10 broad axe of Purpose {antimagic, rF+
                  | Int+4 SInv}
 13515 | Gauntlet | Noticed a minotaur
 13518 | Gauntlet | Huge Dmg: 18 dmg
 13523 | Gauntlet | Huge Dmg: 24 dmg
 13525 | Gauntlet | Huge Dmg: 19 dmg
 13527 | Gauntlet | Killed a minotaur
 13532 | Gauntlet | Huge Dmg: 15 dmg
 13561 | Gauntlet | Identified the Handbook of Spatial Ignition
 13640 | Lair:4   | Noticed a five-headed hydra
 13650 | Lair:4   | Killed a five-headed hydra
 13650 | Lair:4   | Mutation became permanent: You have large cloven feet.
                  | [demonic ancestry]
 13650 | Lair:4   | Gained mutation: You have hoof-like feet. [demonic
                  | ancestry]
 13650 | Lair:4   | Reached XP level 13. HP: 86/86 MP: 13/13
 13656 | Lair:4   | Huge Dmg: 37 dmg
 13658 | Lair:4   | Lost mutation: Your spells are a little easier to cast, but
                  | a little less powerful. [potion of mutation]
 13658 | Lair:4   | Gained mutation: Your natural rate of healing is unusually
                  | fast. [potion of mutation]
 13658 | Lair:4   | Gained mutation: You have hooves in place of feet. [potion
                  | of mutation]
 13658 | Lair:4   | Gained mutation: You passively map a small area around you.
                  | [potion of mutation]
 13670 | Lair:4   | Noticed a dire elephant
 13685 | Lair:4   | Found a runed translucent door.
 13719 | Lair:4   | Killed a dire elephant
 13719 | Lair:4   | Reached skill level 1 in Shields
 13725 | Lair:4   | Huge Dmg: 39 dmg
 13740 | Lair:4   | Huge Dmg: 24 dmg
 13742 | Lair:4   | Huge Dmg: 14 dmg
 13746 | Lair:4   | Huge Dmg: 11 dmg
 13848 | Lair:4   | Got a shimmering steel ring
 13854 | Lair:4   | Identified the ring "Igeodghuk" {rElec rC+ Int+8 Dex+6
                  | Slay-6} (You found it on level 4 of the Lair of Beasts)
 13947 | Lair:4   | Huge Dmg: 19 dmg
 13949 | Lair:4   | Huge Dmg: 11 dmg
 13963 | Lair:4   | Found a staircase to the Swamp.
 13965 | Lair:4   | Huge Dmg: 19 dmg
 13966 | Lair:4   | Huge Dmg: 15 dmg
 13966 | Lair:4   | HP: 2/88 [swamp worm (3)]
 13967 | Lair:4   | Huge Dmg: 10 dmg
 13970 | Lair:4   | Huge Dmg: 8 dmg
 13977 | Lair:4   | Huge Dmg: 4 dmg
 14193 | Lair:4   | Huge Dmg: 21 dmg
 14228 | Lair:4   | Found a staircase to the Snake Pit.
 14610 | Lair:5   | Found a large runed translucent door.
 14610 | Lair:5   | Found a large runed translucent door.
 14642 | Lair:5   | Noticed xoxolimbo's ghost (journeyman DsFE)
 14681 | Lair:5   | Found a staircase to the Slime Pits.
 14681 | Lair:5   | Noticed Urug
 14682 | Lair:5   | Found a viscous altar of Jiyva.
 14689 | Lair:5   | Huge Dmg: 25 dmg
 14693 | Lair:5   | Killed Urug
 14698 | Lair:5   | Huge Dmg: 29 dmg
 14731 | Lair:5   | You fall into a shaft and drop 1 floor!
 14731 | Lair:6   | Entered Level 6 of the Lair of Beasts
 14769 | Lair:6   | Huge Dmg: 42 dmg
 14880 | Lair:6   | Huge Dmg: 13 dmg
 14899 | Lair:6   | Huge Dmg: 20 dmg
 14904 | Lair:6   | Huge Dmg: 24 dmg
 14952 | Lair:6   | Identified a scroll of acquirement
 15037 | Lair:6   | Reached skill level 5 in Fighting
 15230 | Lair:6   | Received a gift from Trog
 15759 | Lair:6   | Noticed a dire elephant
 15759 | Lair:6   | Noticed a dire elephant
 15770 | Lair:6   | Killed a dire elephant
 15770 | Lair:6   | Reached skill level 19 in Polearms
 15776 | Lair:6   | Killed a dire elephant
 15778 | Lair:6   | Huge Dmg: 36 dmg
 15812 | Lair:6   | Noticed a dire elephant
 15832 | Lair:6   | Killed a dire elephant
 15832 | Lair:6   | Reached skill level 5 in Armour
 15832 | Lair:6   | Reached skill level 5 in Dodging
 15903 | Lair:5   | Huge Dmg: 21 dmg
 16133 | Lair:5   | Huge Dmg: 19 dmg
 16134 | Lair:5   | Mutation became permanent: You have hoof-like feet.
                  | [demonic ancestry]
 16134 | Lair:5   | Gained mutation: You have hooves in place of feet. [demonic
                  | ancestry]
 16134 | Lair:5   | Reached XP level 14. HP: 66/100 MP: 14/14
 16221 | Lair:5   | Huge Dmg: 11 dmg
 16556 | Lair:5   | Killed xoxolimbo's ghost
 16561 | Lair:5   | Huge Dmg: 50 dmg
 16675 | Swamp:1  | Entered Level 1 of the Swamp
 16700 | Swamp:1  | Huge Dmg: 46 dmg
 16740 | Swamp:1  | Reached skill level 5 in Shields
 16859 | Swamp:1  | Huge Dmg: 21 dmg
 16861 | Swamp:1  | Huge Dmg: 21 dmg
 17014 | Swamp:1  | Huge Dmg: 50 dmg
 17167 | Swamp:1  | Huge Dmg: 24 dmg
 17169 | Swamp:1  | Huge Dmg: 20 dmg
 17183 | Swamp:1  | Huge Dmg: 18 dmg
 17196 | Swamp:1  | Huge Dmg: 26 dmg
 17286 | Swamp:1  | Huge Dmg: 39 dmg
 17300 | Swamp:1  | Huge Dmg: 27 dmg
 17324 | Swamp:1  | Huge Dmg: 26 dmg
 17328 | Swamp:1  | Huge Dmg: 17 dmg
 17343 | Swamp:1  | Huge Dmg: 11 dmg
 17932 | Swamp:2  | Huge Dmg: 14 dmg
 18121 | Swamp:2  | Huge Dmg: 31 dmg
 18554 | Swamp:2  | Received a gift from Trog
 18865 | Swamp:3  | Huge Dmg: 22 dmg
 19075 | Swamp:3  | Noticed a thorn hunter
 19077 | Swamp:3  | Huge Dmg: 25 dmg
 19086 | Swamp:3  | Killed a thorn hunter
 19091 | Swamp:3  | Huge Dmg: 35 dmg
 19149 | Swamp:3  | Noticed Mara
 19151 | Swamp:3  | Noticed Lexodia's illusion
 19171 | Swamp:3  | Huge Dmg: 30 dmg
 19173 | Swamp:3  | Huge Dmg: 27 dmg
 19174 | Swamp:3  | Noticed Lexodia's illusion
 19175 | Swamp:3  | Huge Dmg: 12 dmg
 19175 | Swamp:3  | HP: 4/104 [Mara (illusionary)/+3 demon blade of venom (27)]
 19175 | Swamp:3  | Annihilated by Mara (illusionary)

Levels and vault maps discovered:
D:1:      ldierk_walled_garden, layout_basic, minmay_crystal_water
D:2:      layout_rooms
D:3:      layout_loops_cross, grunt_temple_overflow_opulence,
          kennysheep_vampire_church, first_ration, uniq_grinder
D:4:      layout_basic, grunt_temple_overflow_bloody_war, marbit_many_paths,
          uniq_menkaure
D:5:      layout_gridville, kennysheep_ying_yang, lemuel_doored_altar,
          minmay_temple_entry_offerings, minmay_misc_feat_roman,
          nicolae_ru_path_of_blood
D:7:      layout_cave_pools, kennysheep_mini_moat, nicolae_ossuary_entry_giza
D:8:      layout_loops_ring, cheibrodos_worm_habitat, serial_shops,
          nicolae_shop_overgrown_old_shop
D:9:      layout_roguey, lemuel_round_altar, eat_drink_and_be_merry_uskayaw,
          gammafunk_ghost_spectres, grunt_livestock, kennysheep_generic_room_6,
          uniq_erolcha
D:10:     lemuel_slime, layout_long_grid, serial_shops,
          nicolae_shop_temple_entry_statues_fountains
D:11:     layout_gridville, dpeg_oklobed_lair, basic_altar
D:12:     layout_loops_ring, david_orc_3, basic_altar
Lair:1:   beast_lair_carwin_large_4, layout_cave_pods, serial_bayou_lagoon_a,
          minivault_23, infiniplex_staircase_pool, uniq_nergalle, uniq_fannar
Lair:2:   layout_regular_city, cheibrodos_lair_reptile_den
Lair:3:   layout_misc_corridors
Lair:4:   gammafunk_lair_enchanted_lake, layout_regular_city,
          nicolae_swamp_entry_splash_gauntlet, dummy_snake_entry,
          gauntlet_entry_generic
Lair:5:   layout_roguey, slime_altar_1, ebering_ghost_disaster_area,
          serial_bayou_lake_a, uniq_urug
Lair:6:   due_jungle_book, layout_loops_ring, grunt_megastairs_2,
          lemuel_fruit_tree
Swamp:1:  layout_basic_swamp, hangedman_swamp_lotus, swamp_pool5,
          st_shrine_of_shade, infiniplex_staircase_pool_2
Swamp:2:  layout_basic_swamp, nicolae_swamp_rocky_clearing, swamp_pool1,
          statue_in_the_mist_lemuel, nicolae_swamp_dense_foliage
Swamp:3:  layout_falls_marsh, nicolae_swamp_triple_paths, swamp_pool3,
          nicolae_swamp_necromancer_hut, uniq_mara, uniq_louise

Skill      XL: |  1  2  3  4  5  6  7  8  9 10 11 12 13 14 |
---------------+-------------------------------------------+-----
Polearms       | 3 4 5 6 7 9 11 13 15 17 18 19 | 19.2
Armour         | 2 5 6 |  6.9
Dodging        | 2 5 6 |  6.9
Shields        | 4 6 |  6.7
Fighting       | 6 7 |  7.9

Action                   |  1- 3 |  4- 6 |  7- 9 | 10-12 | 13-15 || total
-------------------------+-------+-------+-------+-------+-------++-------
Melee: Spear             |    70 |    88 |   331 |       |       ||   489
       Kick              |       |       |    58 |   147 |   205 ||   410
       Headbutt          |       |       |    25 |    35 |       ||    60
       Quarterstaff      |       |       |    24 |   510 |   123 ||   657
       Broad axe         |       |       |       |       |   107 ||   107
       Trident           |       |       |       |       |   434 ||   434
Throw: Boomerang         |       |     4 |    18 |    57 |    30 ||   109
       Javelin           |       |       |       |       |     1 ||     1
Invok: Berserk           |     3 |     4 |     9 |    23 |    16 ||    55
       Trog's Hand       |       |     1 |     1 |     2 |     3 ||     7
       Brothers in Arms  |       |       |       |     4 |     3 ||     7
Evoke: Wand              |       |       |       |    16 |     1 ||    17
  Use: Scroll            |       |     3 |    11 |     1 |    16 ||    31
       Potion            |       |       |     1 |     5 |     4 ||    10
 Stab: Sleeping          |     2 |       |       |       |       ||     2
       Distracted        |       |       |     1 |     7 |     6 ||    14
  Eat: Chunk             |     2 |    10 |    20 |    34 |    25 ||    91
       Ration            |       |       |       |     4 |     3 ||     7
Armor: Animal skin       |     5 |    10 |       |       |       ||    15
       Ring mail         |       |    10 |    32 |     2 |   108 ||   152
       Plate armour      |       |       |    16 |   126 |       ||   142
       Skin              |       |       |       |    65 |       ||    65
Dodge: Dodged            |    21 |    22 |    76 |   100 |   170 ||   389
Block: Other             |       |     6 |    27 |   114 |    27 ||   174
       Reflection        |       |       |       |     2 |     2 ||     4
       Shield            |       |       |       |       |   264 ||   264
       Buckler           |       |       |       |       |    64 ||    64

Table legend:
 A = Non-vault XP
 B = Vault XP
 C = Vault XP percentage of total XP
 D = Non-vault monster count
 E = Vault monster count
 F = Vault count percentage of total count
                 A         B        C        D         E       F
            +---------+---------+-------+---------+---------+-------
      Total |   68250 |   29015 |  29.8 |     395 |     137 |  25.8
            +---------+---------+-------+---------+---------+-------
        D:1 |      21 |       0 |   0.0 |      13 |       0 |   0.0
        D:2 |      16 |       0 |   0.0 |       7 |       0 |   0.0
        D:3 |     172 |     394 |  69.6 |      23 |       8 |  25.8
        D:4 |     176 |     172 |  49.4 |      11 |       2 |  15.4
        D:5 |     331 |       0 |   0.0 |      27 |       0 |   0.0
        D:7 |    1078 |      18 |   1.6 |      22 |       3 |  12.0
        D:8 |    1393 |       5 |   0.4 |      19 |       1 |   5.0
        D:9 |    2126 |    3899 |  64.7 |      20 |      13 |  39.4
       D:10 |    2553 |     450 |  15.0 |      40 |      18 |  31.0
       D:11 |    2328 |     566 |  19.6 |      15 |       1 |   6.2
       D:12 |    2156 |     319 |  12.9 |      14 |       6 |  30.0
     Lair:1 |    3552 |    4207 |  54.2 |      22 |      17 |  43.6
     Lair:2 |    1164 |     652 |  35.9 |       5 |       2 |  28.6
     Lair:3 |    2115 |       0 |   0.0 |      10 |       0 |   0.0
     Lair:4 |    3913 |    5189 |  57.0 |      15 |      15 |  50.0
     Lair:5 |    2530 |    2118 |  45.6 |      19 |       2 |   9.5
     Lair:6 |   14742 |    3335 |  18.4 |      37 |       7 |  15.9
    Swamp:1 |   13488 |    2747 |  16.9 |      34 |      14 |  29.2
    Swamp:2 |    7931 |       0 |   0.0 |      27 |       0 |   0.0
    Swamp:3 |    6465 |       0 |   0.0 |      15 |       0 |   0.0
    Ossuary |       0 |     182 | 100.0 |       0 |      16 | 100.0
   Gauntlet |       0 |    4762 | 100.0 |       0 |      12 | 100.0
            +---------+---------+-------+---------+---------+-------
